AoeStats
← INK | Lactato

Arabia

510005083Analyzed
4v4 RM · 4d ago on Sep 29, 2026· 32m 22s· 8 players
Game mode
Random Map
Map size
Large (8 player)
Population
200
Speed
Normal
Resources
Standard
Victory
Conquest
Starting age
Dark Age
Ending age
Imperial Age
RankedLock teamsTeams togetherTeam positionsShared explorationLock speedFull tech treeHidden civsTurbo modeCheats
Victory
Defeat
🇦🇷 Tupi · Argentina
1369
+9
🇨🇴 Saxons · Colombia
1210
+16
🇨🇴 Persians · Colombia
1196
+16
🇦🇷 Khmer · Argentina
1181
+18
🇵🇪 Ethiopians · Peru
1384
-21
🇲🇽 Spanish · Mexico
1286
-17
🇨🇴 Saracens · Colombia
1253
-16
🇲🇽 Franks · Mexico
899
-5
INK | Goku
7:13 Loom
9:27 Feudal Age
12:07 Double-Bit Axe
15:30 Scale Barding Armor
16:41 Forging
19:51 Wheelbarrow
22:49 Castle Age
20:38 Horse Collar
23:13 Bloodlines
28:49 Chain Barding Armor
INK | Lactato
7:04 Loom
9:23 Feudal Age
11:41 Double-Bit Axe
13:07 Fletching
21:32 Padded Archer Armor
27:00 Castle Age
27:39 Bodkin Arrow
27:05 Crossbowman
INK | LaPulga
5:58 Loom
8:54 Feudal Age
10:28 Double-Bit Axe
13:12 Fletching
14:38 Horse Collar
16:40 Town Watch
17:37 Padded Archer Armor
22:25 Gold Mining
24:58 Castle Age
23:39 Wheelbarrow
25:36 Bodkin Arrow
25:03 Crossbowman
26:10 Bow Saw
26:38 Thumb Ring
28:46 Ballistics
31:44 Leather Archer Armor
INK | Papa pitufo
5:27 Loom
9:41 Feudal Age
10:31 Double-Bit Axe
21:03 Castle Age
22:04 Bloodlines
22:54 Husbandry
23:01 Scale Barding Armor
23:08 Forging
27:33 Chain Barding Armor
27:44 Horse Collar
29:23 Gold Mining
JAGR | Rojnar
5:53 Loom
9:19 Feudal Age
15:25 Fletching
25:25 Castle Age
24:30 Padded Archer Armor
24:48 Double-Bit Axe
25:33 Horse Collar
25:47 Gold Mining
25:30 Crossbowman
26:25 Bodkin Arrow
28:28 Ballistics
28:58 Leather Archer Armor
32:50 Bow Saw
JAGR | mauricio
9:43 Loom
11:29 Feudal Age
17:58 Town Watch
18:26 Arson
26:01 Double-Bit Axe
32:07 Castle Age
JAGR | HIPERYON
7:14 Loom
9:46 Feudal Age
10:19 Town Watch
14:29 Fletching
21:19 Padded Archer Armor
21:47 Double-Bit Axe
22:24 Horse Collar
29:17 Castle Age
29:19 Crossbowman
30:17 Bodkin Arrow
JAGR | CIHUACOATL
5:48 Loom
8:52 Feudal Age
9:36 Double-Bit Axe
17:13 Scale Barding Armor
18:39 Forging
19:51 Wheelbarrow
22:57 Castle Age
23:34 Bloodlines
26:21 Husbandry
27:39 Chain Barding Armor
28:38 Iron Casting
28:29 Gold Mining
32:23 Town Watch
Connection lost

Rejoining the realm…

Still unreachable

The connection could not be restored.

Session expired

The server has moved on; the page needs a fresh start.